 Dungeon Crawl Stone Soup version 0.28-a0-1080-g05a166d0ed (webtiles) character file.

Game seed: 6459076236793093687

108 ytrimaz the Insei (level 4, -3/29 HPs)
             Began as an Octopode Transmuter on Dec 9, 2021.
             Slain by a water moccasin skeleton (7 damage)
             ... on level 4 of the Dungeon.
             The game lasted 00:02:21 (3897 turns).

ytrimaz the Insei (Octopode Transmuter)             Turns: 3897, Time: 00:02:22

Health: -3/29      AC:  1    Str:  9    XL:     4   Next: 87%
Magic:  8/8        EV: 13    Int: 17    God:
Gold:   92         SH:  0    Dex: 12    Spells: 4/8 levels left

rFire   . . .      SeeInvis .   e - +0 dagger (venom)
rCold   . . .      Faith    .   (no shield)
rNeg    . . .      Spirit   .   (helmet restricted)
rPois   .          Reflect  .   (no amulet)
rElec   .          Harm     .   (no ring)
rCorr   .          Rampage  .   (no ring)
Will    .....                   (no ring)
Stlth   ++........              (no ring)
HPRegen 0.09/turn               (no ring)
MPRegen 0.11/turn               (no ring)
                                (no ring)
                                (no ring)

@: no status effects
A: almost no armour, amphibious, 8 rings, camouflage 1, gelatinous body 1,
(nimble swimmer 1), tentacles
a: no special abilities


You were on level 4 of the Dungeon.
You visited 1 branch of the dungeon, and saw 4 of its levels.

You collected 92 gold pieces.

Inventory:

Hand Weapons
 e - a +0 dagger of venom (weapon)
Scrolls
 a - a scroll of enchant weapon
 b - a scroll of teleportation
 c - a scroll of holy word
 d - a scroll of silence
 g - 2 scrolls of torment
 h - a scroll of fear


   Skills:
 * Level 1.8 Fighting
 + Level 1.2 Short Blades
 - Level 2.0 Dodging
 + Level 3.8 Unarmed Combat
 * Level 2.7 Spellcasting
 * Level 2.5 Transmutations
 * Level 0.9 Poison Magic


You had 4 spell levels left.
You knew the following spells:

 Your Spells              Type           Power      Damage    Failure   Level
a - Beastly Appendage     Tmut           22%        N/A       6%          1
b - Spider Form           Tmut/Pois      8%         N/A       26%         3

Your spell library contained the following spells:

 Spells                   Type           Power      Damage    Failure   Level
 Wereblood                Tmut           11%        N/A       10%         2
 Ignite Poison            Fire/Tmut/Pois 6%         N/A       32%         3
 Conjure Flame            Conj/Fire      2%         6-21      47%         3
 Portal Projectile        Hex/Tloc       4%         N/A       47%         3
 Ice Form                 Ice/Tmut       6%         N/A       71%         4
 Sticky Flame             Conj/Fire      2%         2d3       87%         4
 Blade Hands              Tmut           5%         N/A       86%         5
 Excruciating Wounds      Necr           1%         N/A       99%         5


Dungeon Overview and Level Annotations

Branches:
Dungeon (4/15)
 Temple: D:4-7

Altars:

Shops:
D:4 *


Innate Abilities, Weirdness & Mutations

You cannot wear most types of armour.
You are amphibious.
You can wear up to eight rings at the same time.
Your skin changes colour to match your surroundings (Stealth+).
Your rubbery body absorbs attacks. (AC +1, EV +1)
((You are camouflaged near water. (Stealth+)))
You have tentacles for arms and can constrict up to eight enemies at once.


Message History

You now have 92 gold pieces (gained 11).
Done exploring.
Done exploring.
Done exploring.
Done exploring.
Done exploring.
Okay, then.
Casting: Beastly Appendage (safe; 6% risk of failure)
Confirm with . or Enter, or press ? or * to list all spells.
The spell is quite dangerous to miscast (26% risk of failure)!
Continue anyway?
Okay, then.
There is a stone staircase leading down here.
You climb downwards.
Found 11 gold pieces.
There is a stone staircase leading up here.
There are monsters nearby!
Found Eskue's Assorted Antiques.
You barely miss the worm. You grab the worm. You constrict the worm.
The worm bites you!
You hit the worm but do no damage. You constrict the worm.
You completely miss the worm. You squeeze the worm!
The worm is severely wounded.
You constrict the worm. The worm bites you!
Unknown command.
You hit the worm.
The worm is poisoned.
The worm is severely wounded.
You constrict the worm. You hit the worm but do no damage.
The worm looks as sick as possible!
The worm is almost dead.
You constrict the worm.
You kill the worm!
A water moccasin skeleton comes into view.
Found a scroll of teleportation.
The water moccasin skeleton bites you!
* * * LOW HITPOINT WARNING * * *
You see here 11 gold pieces.
The water moccasin skeleton barely misses you.
There is a stone staircase leading up here.
The water moccasin skeleton bites you!
You die...

#......?...#
###..........#
###..........#
###..##......#
#....##......# ..
#...∩........# ...
###....$....###...#
###..##...Z........
###..######@.......
######.#......#......
.....................S
####.......#...##.....
#..####.##.### ....
#.# #.#..# .. #.
....## . . ....# .
.##.##


You could see an adder (asleep) and a water moccasin skeleton.

Vanquished Creatures
  A centaur skeleton (D:3)
  An adder (D:2)
  4 worms
  A dart slug (D:2)
  2 orcs (D:3)
  4 ball pythons
  6 endoplasms
  A giant cockroach (D:3)
  2 hobgoblins (D:2)
  3 jackals (D:2)
  2 quokkas (D:3)
  4 bats
  5 frilled lizards
  7 goblins
  5 kobolds
  6 rats
54 creatures vanquished.

Notes
Turn   | Place    | Note
-------+----------+-------------------------------------------
     0 | D:1      | ytrimaz the Octopode Transmuter began the quest for the
                  | Orb.
     0 | D:1      | Reached XP level 1. HP: 13/13 MP: 3/3
   482 | D:1      | Reached XP level 2. HP: 12/18 MP: 5/5
  1036 | D:2      | Reached XP level 3. HP: 19/23 MP: 6/6
  1865 | D:2      | Learned a level 3 spell: Spider Form
  2669 | D:3      | Reached XP level 4. HP: 19/28 MP: 7/7
  3498 | D:3      | Reached skill level 1 in Short Blades
  3877 | D:4      | Found Eskue's Assorted Antiques.
  3897 | D:4      | Slain by a water moccasin skeleton

Illustrated notes

Levels and vault maps discovered:
D:1:      lightli_arrival_statue_moat, layout_basic,
          nicolae_concentric_dashed_squares_wild,
          corexii_item_surrounded_by_moat, nicolae_figureground_sparkle
D:2:      layout_loops_corners
D:3:      layout_basic, minmay_crystal_water, serial_bayou_pond_e,
          chequers_serial_rivers_micro_a, hangedman_decor_peaks_small
D:4:      layout_rooms, serial_shops, nicolae_square_shop

Skill      XL: |  1  2  3  4 |
---------------+-------------+-----
Short Blades   | 1 |  1.2
Fighting       | |  1.8
Dodging        | |  2.0
Unarmed Combat | |  3.8
Spellcasting   | |  2.7
Transmutations | |  2.5
Poison Magic   | |  0.9

Action                   |  1- 3 |  4- 6 || total
-------------------------+-------+-------++-------
Melee: Unarmed           |    18 |       ||    18
       Constrict         |    24 |     8 ||    32
       Tentacles         |    13 |     7 ||    20
       Punch             |     3 |     2 ||     5
       Dagger            |    80 |    42 ||   122
 Cast: Beastly Appendage |     2 |       ||     2
  Use: Scroll            |     6 |       ||     6
       Potion            |     3 |       ||     3
 Stab: Sleeping          |     5 |     1 ||     6
Armor: Skin              |     3 |     2 ||     5
Dodge: Dodged            |    53 |    25 ||    78

Table legend: (Time is in decaauts)
 A = Elapsed time spent in this place.
 B = Non-inter-level travel time spent in this place.
 C = Inter-level travel time spent in this place.
 D = Time resting spent in this place.
 E = Time spent auto-exploring this place.
 F = Levels seen in this place.
 G = Mean time per level.
                   A        B        C        D        E       F      G
               +--------+--------+--------+--------+--------+-----+--------+
         Total |   3875 |   3798 |     77 |    130 |   3216 |   4 |  968.8 |
       Dungeon |   3875 |   3798 |     77 |    130 |   3216 |   4 |  968.8 |
               +--------+--------+--------+--------+--------+-----+--------+

Top non-repeatable levels by time:
     D:2: 1509 daAuts
     D:3: 1418 daAuts
     D:1: 925 daAuts
     D:4: 21 daAuts
